 Dungeon Crawl Stone Soup version 0.14-a0-3295-g3fd807f (webtiles) character file.

15810 BluebellGnoll the Unseen (level 11, -1/47 HPs)
             Began as a Spriggan Enchanter on Mar 14, 2014.
             Was an Elder of Vehumet.
             Killed from afar by an electric eel (11 damage)
             ... with a bolt of electricity
             ... on Level 3 of the Lair of Beasts.
             The game lasted 02:01:10 (13737 turns).

BluebellGnoll the Unseen (Spriggan Enchanter)      Turns: 13737, Time: 02:01:10

HP  -1/47        AC  5     Str  4      XL: 11   Next: 97%
MP  27/33        EV 23     Int 19      God: Vehumet [****..]
Gold 690         SH  0     Dex 18      Spells:  6 memorised, 10 levels left

rFire  + . .     SeeInvis +     D - +5,+4 dagger
rCold  . . .     Clarity  .     J - +2 robe {rF+}
rNeg   . . .     Conserve .     (shield restricted)
rPois  .         rCorr    .     (helmet restricted)
rElec  .         rRot     .     G - +0 cloak
SustAb . .       Spirit   .     (gloves unavailable)
rMut   .         Warding  .     (boots unavailable)
Saprov . . .     Stasis   .     m - amulet of the gourmand {unknown}
MR     ++...                    p - ring of sustenance
                                z - ring of protection from magic

@: invisible, very slightly contaminated, very quick, very resistant to hostile
enchantments, extraordinarily stealthy
A: unfitting armour, see invisible, herbivore 3, speed 3, slow metabolism 2
a: Renounce Religion


You were on level 3 of the Lair of Beasts.
You worshipped Vehumet.
Vehumet was greatly pleased with you.
You were very hungry.

You visited 3 branches of the dungeon, and saw 14 of its levels.
You also visited: Sewer.

You collected 690 gold pieces.

Inventory:

Hand weapons
 o - a cursed +1 blowgun
 D - a +5,+4 dagger (weapon)
Missiles
 d - 18 darts (quivered)
 j - 10 poisoned needles
 s - 4 curare-tipped needles
 t - 9 darts of dispersal
 O - 5 needles of confusion
Armour
 G - a +0 cloak (worn)
 J - a +2 robe of fire resistance (worn)
Magical devices
 R - a wand of heal wounds (2)
 U - a wand of teleportation (2)
 V - a wand of paralysis (1) {unknown}
Comestibles
 b - 2 apples
 h - 5 bread rations
Scrolls
 f - 3 scrolls of teleportation
 k - 3 scrolls of fog
 q - a scroll of remove curse
 r - a scroll of recharging
 y - a scroll of fear
 A - a scroll of identify
 P - a scroll of amnesia
Jewellery
 c - an uncursed ring of protection from cold
 i - an uncursed amulet of resist mutation
 l - an uncursed ring of flight
 m - an amulet of the gourmand (around neck) {unknown}
 p - a ring of sustenance (right hand)
 v - an uncursed amulet of warding
 x - an uncursed ring of fire
 z - a ring of protection from magic (left hand)
 I - an uncursed ring of sustain abilities {unknown}
 K - a +3 ring of intelligence
Potions
 e - a potion of porridge
 g - 2 potions of curing
 n - a potion of heal wounds {unknown}
 u - a potion of brilliance {unknown}
 w - a potion of invisibility {unknown}
 C - a potion of poison {unknown}
 E - a potion of restore abilities {unknown}
 H - a potion of beneficial mutation {unknown}
 T - a potion of paralysis {unknown}
Books
 B - a book of the Tempests

   Spells                             Type                      Level
   Static Discharge                   Conjuration/Air              3
   Lightning Bolt                     Conjuration/Air              5
   *Fireball                          Conjuration/Fire             5
   Tornado                            Air                          9
   Shatter                            Earth                        9
Magical staves
 F - an uncursed staff of wizardry {unknown}
Miscellaneous
 a - a disc of storms


   Skills:
 - Level 4.2 Short Blades
 - Level 1.1 Throwing
 - Level 7.2 Dodging
 - Level 17.3 Stealth
 - Level 11.2 Spellcasting
 + Level 2.4 Conjurations
 - Level 12.6 Hexes


You had 10 spell levels left.
You knew the following spells:

 Your Spells              Type           Power        Failure   Level  Hunger
a - Invisibility          Hex            ######..     8%          6    ######.
b - Ensorcelled Hibernat  Hex/Ice        ####..       1%          2    None
c - Confuse               Hex            ######..     1%          3    None
d - Sure Blade            Hex/Chrm       ####......   1%          2    None
e - Enslavement           Hex            ######..     1%          4    ##.....
f - Fireball              Conj/Fire      ###.......   45%         5    ####...


Dungeon Overview and Level Annotations

Branches:
Dungeon (10/15)            Temple (1/1) D:5            Lair (3/8) D:10
  Swamp (0/5) Lair:3       Spider (0/5) Lair:3
    Orc: D:9-12

Altars:
Ashenzari
Cheibriados
Dithmenos
Elyvilon
Fedhas
Kikubaaqudgha
Makhleb
Nemelex Xobeh
Okawaru
Sif Muna
Trog
Vehumet
Xom
Yredelemnul
Zin
The Shining One
Jiyva

Annotations:
Lair:2 Gastronok


Innate Abilities, Weirdness & Mutations

You are tiny and cannot use many weapons and most armour.
You have supernaturally acute eyesight.
You are a herbivore.
You cover ground extremely quickly.
You need consume almost no food.


Message History

The electric eel shoots out a bolt of electricity!
The bolt of electricity hits the electric eel.
The bolt of electricity hits you!
The electric eel shoots out a bolt of electricity!
The bolt of electricity hits you!
Casting: Ensorcelled Hibernation
Confirm with . or Enter, or press ? or * to list all spells.
Aiming: Invisibility
Press: ? - help, Shift-Dir - straight line, f - you You fade into invisibility!
You are very lightly contaminated with residual magic.
You are feeling very hungry.
The electric eel shoots out a bolt of electricity!
The bolt of electricity misses the electric eel.
The bolt of electricity hits you!
* * * LOW HITPOINT WARNING * * *
The electric eel shoots out a bolt of electricity!
The bolt of electricity hits the electric eel.
The bolt of electricity hits you!
You die...

.........#####....
.......###.#.........
.............#.......F
%≈≈.%........+....§;;..
≈≈≈..........##.§;§§§;..
≈≈≈...........#.§;;§§;..
.≈≈..........##..§;§§§..
.≈≈≈.(....#.##P..§;§;....
.≈≈≈≈..##.###!..@......#
......P#..............##
........................
..≈≈.#...............f.#
<...#............+...
....##.#f........# # ..
..#.........# .
......)...#.##
#....####..


You could see a giant frog (sleeping) and 10 electric eels.

Vanquished Creatures
  The ghost of aimeelou the Thaumaturge, a powerful DEEE of Vehumet (Lair:3)
  Erica (D:10)
  2 hydras
  An unseen horror (D:9)
  2 hill giants (D:10)
  Joseph (D:10)
  A black mamba (Lair:2)
  A spiny frog (Lair:1)
  3 komodo dragons
  A two-headed ogre (D:10)
  5 blink frogs (Lair:1)
  2 basilisks (D:10)
  A hill giant zombie (D:8)
  A hippogriff (Lair:3)
  A deep elf mage (D:10)
  2 hungry ghosts
  2 necrophages (D:8)
  9 porcupines
  5 water moccasins
  2 ogres
  The ghost of Ququman the Ruffian, an average TrMo (D:4)
  3 orc warriors
  6 ice beasts
  3 phantoms
  A black bear (D:10)
  3 sky beasts (D:5)
  11 killer bees
  A big kobold (D:8)
  4 centaurs
  3 crocodiles
  6 giant frogs
  5 giant slugs
  A cyclops zombie (D:5)
  An eye of draining (D:10)
  A scorpion (D:4)
  3 wights (D:8)
  An electric eel (Lair:3)
  4 crimson imps
  5 hounds
  3 goliath beetles (D:9)
  2 orc priests
  4 jellies (D:9)
  Natasha (thrice) (D:3)
  8 iguanas
  6 orc wizards
  2 big fish
  2 sheep (D:10)
  11 worker ants
  Ijyb (D:3)
  A mummy (D:8)
  2 green rats (D:10)
  18 adders
  An orc skeleton (D:9)
  A shadow imp (D:8)
  A worm zombie (D:5)
  4 giant mites
  3 worms
  An adder skeleton (D:9)
  A giant eyeball (D:9)
  5 giant geckos
  11 oozes
  15 orcs
  4 ball pythons
  6 giant cockroaches
  19 hobgoblins
  31 jackals
  12 bats
  8 giant newts
  12 goblins
  33 kobolds
  A kobold zombie (D:6)
  5 quokkas
  18 rats
  A spectral orc (D:4)
  A ballistomycete (D:9)
364 creatures vanquished.

Vanquished Creatures (collateral kills)
  A killer bee (D:7)
  A wight (D:8)
  A mummy (D:8)
  3 orcs
  2 kobolds (D:8)
8 creatures vanquished.

Vanquished Creatures (others)
  A big fish (D:10)
  A giant spore (D:9)
2 creatures vanquished.

Grand Total: 374 creatures vanquished

Notes
Turn   | Place    | Note
--------------------------------------------------------------
     0 | D:1      | BluebellGnoll, the Spriggan Enchanter, began the quest for the Orb.
     0 | D:1      | Reached XP level 1. HP: 9/9 MP: 4/4
   306 | D:1      | Reached skill level 4 in Stealth
   498 | D:1      | Reached XP level 2. HP: 11/13 MP: 3/7
   506 | D:1      | Learned a level 2 spell: Ensorcelled Hibernation
   834 | D:1      | Reached skill level 5 in Stealth
   990 | D:1      | Reached XP level 3. HP: 16/16 MP: 6/9
  1204 | D:1      | Learned a level 3 spell: Confuse
  1248 | D:1      | Reached skill level 6 in Stealth
  1737 | D:2      | Reached XP level 4. HP: 21/21 MP: 9/12
  1741 | D:2      | Learned a level 2 spell: Sure Blade
  1886 | D:2      | Reached skill level 7 in Stealth
  2287 | D:3      | Noticed Ijyb
  2347 | D:3      | Killed Ijyb
  2347 | D:3      | Reached skill level 8 in Stealth
  2378 | D:3      | Reached XP level 5. HP: 21/24 MP: 1/14
  2610 | D:3      | Found a burning altar of Makhleb.
  2890 | D:3      | Noticed Natasha
  2937 | D:3      | Killed Natasha
  2937 | D:3      | Reached skill level 5 in Hexes
  3021 | D:3      | Noticed Natasha
  3057 | D:3      | Reached XP level 6. HP: 28/28 MP: 17/17
  3244 | D:3      | Killed Natasha
  3574 | D:3      | Noticed Natasha
  3580 | D:3      | Killed Natasha
  3714 | D:3      | Learned a level 4 spell: Enslavement
  3741 | D:4      | Found a basalt altar of Yredelemnul.
  3834 | D:4      | Found an iron altar of Okawaru.
  3921 | D:4      | Noticed Ququman's ghost (average TrMo)
  4059 | D:4      | Killed Ququman's ghost
  4413 | D:5      | Entered Level 5 of the Dungeon
  4437 | D:5      | Reached XP level 7. HP: 32/32 MP: 13/20
  4500 | D:5      | Reached skill level 5 in Dodging
  4543 | D:5      | Found a staircase to the Ecumenical Temple.
  4573 | Temple   | Entered the Ecumenical Temple
  4805 | D:5      | Found a glowing drain.
  4882 | Sewer    | Entered a sewer
  6197 | D:5      | Reached skill level 9 in Stealth
  6197 | D:5      | Reached XP level 8. HP: 36/36 MP: 16/22
  6238 | D:5      | Reached skill level 10 in Stealth
  6440 | D:5      | Reached skill level 11 in Stealth
  6472 | D:5      | Found a sparkling altar of Nemelex Xobeh.
  6598 | D:5      | Reached skill level 12 in Stealth
  6761 | D:5      | Found a radiant altar of Vehumet.
  6803 | D:5      | Became a worshipper of Vehumet
  6910 | D:5      | Reached skill level 13 in Stealth
  7374 | D:6      | Reached skill level 5 in Spellcasting
  7382 | D:6      | Learned a level 6 spell: Invisibility
  7425 | D:6      | Reached XP level 9. HP: 39/39 MP: 25/25
  8329 | D:7      | You fall through a shaft for 2 floors!
  8473 | D:8      | Acquired Vehumet's first power
  8473 | D:8      | Offered knowledge of Sting by Vehumet.
  8614 | D:8      | Reached skill level 14 in Stealth
  9186 | D:8      | Found a deep blue altar of Sif Muna.
  9187 | D:8      | Found a glowing silver altar of Zin.
  9603 | D:9      | Reached skill level 10 in Hexes
  9603 | D:9      | Reached XP level 10. HP: 44/44 MP: 21/27
  9614 | D:9      | Found an ancient bone altar of Kikubaaqudgha.
  9700 | D:9      | Found a viscous altar of Jiyva.
  9998 | D:9      | Offered knowledge of Flame Tongue by Vehumet.
 10158 | D:9      | Found a glowing golden altar of the Shining One.
 10371 | D:9      | Noticed an unseen horror
 10375 | D:9      | Killed an unseen horror
 10562 | D:10     | Entered Level 10 of the Dungeon
 10564 | D:10     | Noticed Erica
 10617 | D:10     | Found a white marble altar of Elyvilon.
 10646 | D:10     | Noticed Joseph
 10659 | D:10     | Killed Joseph
 10659 | D:10     | Reached skill level 15 in Stealth
 11169 | D:10     | Offered knowledge of Throw Flame by Vehumet.
 11338 | D:10     | Noticed a hill giant
 11359 | D:10     | Killed a hill giant
 11399 | D:10     | Noticed a hill giant
 11407 | D:10     | Killed a hill giant
 11566 | D:10     | Killed Erica
 11566 | D:10     | Reached XP level 11. HP: 33/47 MP: 23/31
 11670 | D:10     | Found a staircase to the Lair.
 11691 | D:10     | Acquired Vehumet's second power
 11770 | Lair:1   | Entered Level 1 of the Lair of Beasts
 11910 | D:10     | Noticed an unseen horror
 12121 | Lair:1   | Learned a level 5 spell: Fireball
 12142 | Lair:1   | Noticed an eight-headed hydra
 12149 | Lair:1   | Killed an eight-headed hydra
 12149 | Lair:1   | Reached skill level 16 in Stealth
 12436 | Lair:1   | Offered knowledge of Mephitic Cloud by Vehumet.
 12451 | Lair:1   | Reached skill level 10 in Spellcasting
 12462 | Lair:1   | Reached skill level 1 in Conjurations
 12765 | Lair:2   | Noticed Gastronok
 13139 | Lair:2   | Acquired Vehumet's third power
 13265 | Lair:2   | Offered knowledge of Fulminant Prism by Vehumet.
 13437 | Lair:3   | Found a hole to the Spider Nest.
 13481 | Lair:3   | Noticed aimeelou's ghost (powerful DEEE)
 13501 | Lair:3   | Killed aimeelou's ghost
 13501 | Lair:3   | Reached skill level 17 in Stealth
 13541 | Lair:3   | Noticed a six-headed hydra
 13550 | Lair:3   | Killed a six-headed hydra
 13732 | Lair:3   | Found a staircase to the Swamp.
 13737 | Lair:3   | Killed from afar by an electric eel

Action                   |  1- 3 |  4- 6 |  7- 9 | 10-12 || total
-------------------------+-------+-------+-------+-------++-------
Melee: Dagger            |   114 |   136 |   272 |   212 ||   734
       Short sword       |       |     8 |       |       ||     8
 Fire: Blowgun           |       |     2 |       |       ||     2
Throw: Dart              |    14 |       |       |       ||    14
 Cast: Corona            |     8 |       |       |       ||     8
       Ensorcelled Hiber |    32 |    43 |    92 |    83 ||   250
       Confuse           |       |    19 |    61 |    49 ||   129
       Sure Blade        |       |     1 |     4 |     2 ||     7
       Enslavement       |       |       |     7 |     1 ||     8
       Invisibility      |       |       |       |     2 ||     2
Evoke: Wand              |       |       |    13 |     3 ||    16
  Use: Scroll            |       |    10 |    10 |    10 ||    30
       Potion            |       |     1 |       |     2 ||     3
 Stab: Sleeping          |    24 |    45 |    84 |    88 ||   241
       Distracted        |     1 |     1 |       |       ||     2
       Confused          |       |    11 |    32 |    19 ||    62
       Invisible         |       |       |       |     5 ||     5
